Steven, chaotic male elven Wizard ------ --..(..| |.\...(-)##(#)) ----- |...>..| # #..^`| ----- |...... ###|..(| ------- |...| |..... #-.<.| #.<....| |...--- |..... #|...-######|.....| |......# -.---- #|...|######...(..| |..%..|# #-----# |...*.| |....q|# # #### ------- |...f@|* # ### -------### # # # # ### ### --------.---- ### # # |...........-######## %*[.)........{|### |...........|# ------------- Steven the Thaumaturge Experience level: 8 Strength: 11 Dexterity: 17 Constitution: 15 Intelligence: 18 Wisdom: 10 Charisma: 13 Health: 0(55) Energy: 0(88) Def: 4 Gold: 3190 Moves: 8080 Dungeon seed: -gDIZqXFXaZ-AWrh Game ID: Steven_1439953368 Your Inventory: Coins $ - 3190 gold pieces Weapons a - a blessed +1 quarterstaff (weapon in hands) Armor e - an uncursed +0 cloak of magic resistance (being worn) q - an uncursed +0 pair of leather gloves (being worn) z - an uncursed +0 leather armor (being worn) Comestibles w - an uncursed sprig of wolfsbane Scrolls W - an uncursed scroll of magic mapping Y - an uncursed scroll of create monster Potions R - 2 uncursed potions of water Rings c - an uncursed ring of shock resistance (on left hand) d - an uncursed ring of cold resistance (on right hand) Wands b - a wand of create monster (0:11) p - a wand of digging (0:2) s - a wand of light (0:14) u - a wand of enlightenment (0:12) C - a wand of polymorph (0:7) I - a wand of striking (0:3) T - a wand of cancellation (0:5) Z - a wand of striking (0:4) Tools n - a magic marker (0:88) o - an uncursed bag of holding v - an uncursed skeleton key B - a +0 unicorn horn Contents of the bag of holding: 10 uncursed food rations an uncursed partly eaten lembas wafer a blessed scroll of blank paper an uncursed scroll of blank paper 2 uncursed scrolls of earth 3 uncursed scrolls of enchant armor an uncursed scroll of food detection a blessed scroll of identify 2 uncursed scrolls of identify an uncursed scroll of magic mapping an uncursed scroll of water an uncursed potion of full healing an uncursed potion of sickness a cursed -1 ring of adornment a blessed +1 ring of gain strength an uncursed ring of levitation an uncursed ring of warning 4 uncursed tallow candles (0:200) an uncursed wooden harp Spells and supernatural/magical abilities: Name Level Category Fail Memory a - force bolt 1 attack 0% 60% i - invisibility 4 escape 100% 63% m - magic missile 2 attack 0% 60% n - detect monsters 1 divination 0% 71% s - slow monster 2 enchantment 0% 60% W - pray for help -- divine ? -- Your skills at the end: Fighting Skills Weapon Skills quarterstaff [Basic] Spellcasting Skills attack spells [Basic] enchantment spells [Basic] Final Attributes: You were devoutly aligned. You were cold resistant. You were sleep resistant. You were shock resistant. You were poison resistant. You were magic-protected. You had infravision. You are dead. Vanquished creatures: 2 giant mimics a quivering blob a cockatrice 2 wolves a leprechaun a giant spider a forest centaur an orc mummy a yeti a lizard 3 dogs a housecat 2 jaguars a dwarf lord a white unicorn a dust vortex 2 gnome mummies a snake an ape 3 fire ants 9 bugbears a wood nymph an orc shaman a rock piercer a rock mole a fog cloud 2 shriekers 3 gnome lords 4 gnomish wizards 2 kobold mummies 2 red naga hatchlings a guardian naga hatchling a straw golem a paper golem a floating eye a kitten a homunculus 2 kobold shamans a rothe a rabid rat 2 monkeys 3 wererats 2 werejackals 2 iguanas 11 killer bees 4 acid blobs a coyote a gas spore 3 hobbits 5 large kobolds 4 hobgoblins 4 giant rats 5 cave spiders 4 yellow molds 2 red molds a gnome a garter snake 9 manes a gnome zombie 7 geckos 4 jackals 2 foxen 5 kobolds 2 goblins 13 grid bugs 5 bats 11 lichens 4 kobold zombies 6 newts 189 creatures vanquished. Voluntary challenges: You were an atheist. You used a wielded weapon 146 times, starting on turn 99. You read items or engraved 23 times, starting on turn 510. You never genocided any monsters. You never polymorphed an object. You never changed form. You cheated 2 times but completed Sokoban on turn 6719. You used no wishes. You never split a pudding. You wrote Elbereth's name 7 times, starting on turn 2561. You violated your moral code, losing 1 point of alignment, starting on turn 4831. Dungeon overview: The Dungeons of Doom: levels 1 to 8 Level 1 some altars to Ptah and Thoth, some fountains a long staircase Level 2 an armor shop Level 3 an altar to Thoth, a fountain stairs to The Gnomish Mines Level 4 Level 5 Level 6 a general store Level 7 many fountains Level 8 <- You were here a fountain, a throne stairs to Sokoban The Gnomish Mines: Level 4 stairs to The Dungeons of Doom Sokoban: levels 4 to 7 Level 4 Level 5 Level 6 Level 7 stairs to The Dungeons of Doom History has recorded: On T:1 you entered the Dungeons of Doom to retrieve the Amulet of Yendor! On T:171 you reached level 2 of The Dungeons of Doom. On T:459 you reached level 3 of The Dungeons of Doom. On T:503 you reached level 1 of The Gnomish Mines. On T:898 you advanced to experience level 2. On T:1265 you reached level 4 of The Dungeons of Doom. On T:1418 you advanced to experience level 3. On T:1503 you reached level 5 of The Dungeons of Doom. On T:1699 you reached level 6 of The Dungeons of Doom. On T:1968 you advanced to experience level 4. On T:2447 you reached level 7 of The Dungeons of Doom. On T:2752 you advanced to experience level 5. On T:2925 you reached level 8 of The Dungeons of Doom. On T:3108 you reached level 4 of Sokoban. On T:3589 you advanced to experience level 6. On T:3644 you reached level 3 of Sokoban. On T:4287 you advanced to experience level 7. On T:4368 you reached level 2 of Sokoban. On T:5359 you reached level 1 of Sokoban. On T:6719 you entered the Sokoban zoo. On T:7401 you advanced to experience level 8. Score breakdown: Gold: 3190 ( 319 points) Experience: 8 levels ( 700 points) Exploration: 8 levels ( 210 points) Discoveries: 10 items ( 500 points) Variety of kills: 69 monsters ( 2000 points) Major goal: (nothing yet) ( 0 points) Survival: died (score multiplied by 3) Total score: 11187 Latest messages: You put a scroll labeled VENZAR BORGAVVE into the bag called Bag of Holding. You put a scroll labeled LEP GEX VEN ZEA into the bag called Bag of Holding. You put a fizzy potion into the bag called Bag of Holding. You put a potion of sickness into the bag called Bag of Holding. You put an ivory ring into the bag called Bag of Holding. You put a wire ring into the bag called Bag of Holding. You put an iron ring into the bag called Bag of Holding. You put a silver ring into the bag called Bag of Holding. You put 4 candles into the bag called Bag of Holding. You put an uncursed wooden harp into the bag called Bag of Holding. You have a little trouble lifting G - a white potion. You have a little trouble lifting T - a jeweled wand. You have a little trouble lifting b - a wand of create monster (0:11). You have a little trouble lifting u - a wand of enlightenment. Your movements are slowed slightly because of your load. You hit the leocrotta. The leocrotta hits! The leocrotta bites! You die... Final status: Goodbye Steven the Wizard, killed by a leocrotta... You died in The Dungeons of Doom on dungeon level 8 with 11187 points, and 3190 pieces of gold, after 8080 moves. You were level 8 with a maximum of 55 hit points when you died.